 Dungeon Crawl Stone Soup version 0.24.0-13-gcf9b319 (webtiles) character file.

Game seed: 7880384353610045911, levelgen mode: deterministic

67 Bronimir the Gusty (level 4, 0/24 HPs)
             Began as a Tengu Air Elementalist on Mar 11, 2020.
             Slain by a goblin
             ... wielding a +0 club
             ... led by Robin
              (2 damage)
             ... on level 1 of the Dungeon.
             The game lasted 00:04:19 (1711 turns).

Bronimir the Gusty (Tengu Air Elementalist)         Turns: 1711, Time: 00:04:20

Health: 0/24       AC:  3    Str:  9    XL:     4   Next: 16%
Magic:  5/8        EV: 12    Int: 16    God:
Gold:   126        SH:  0    Dex: 14    Spells: 0/7 levels left

rFire    . . .     SeeInvis .   a - +0 spear
rCold    . . .     Gourm    .   (no shield)
rNeg     . . .     Faith    .   l - +0 leather armour
rPois    .         Spirit   .   (helmet restricted)
rElec    .         Reflect  .   (no cloak)
rCorr    .         Harm     .   (no gloves)
MR       .....                  (boots unavailable)
Stlth    ++........             (no amulet)
HPRegen  0.08/turn              o - ring of wizardry
MPRegen  0.11/turn              (no ring)

@: no status effects
A: beak, talons 3
a: no special abilities


You were on level 1 of the Dungeon.
You were not hungry.

You visited 1 branch of the dungeon, and saw 2 of its levels.

You collected 126 gold pieces.

Inventory:

Hand Weapons
 a - a +0 spear (weapon)
 b - a +0 hunting sling
Missiles
 d - 45 sling bullets
 f - 20 arrows
 j - 9 poisoned darts (quivered)
 m - 40 stones
Armour
 g - a +0 robe
 l - a +0 leather armour (worn)
 p - a +0 ring mail
Jewellery
 o - a ring of wizardry (left hand)
Scrolls
 e - 2 scrolls of remove curse {unknown}
 h - 5 scrolls of identify {unknown}
 i - a scroll of teleportation {unknown}
 r - a scroll of immolation {unknown}
 t - a scroll of noise {unknown}
Potions
 s - a potion of berserk rage {unknown}
Comestibles
 c - 2 rations


   Skills:
 + Level 0.1 Fighting
 + Level 0.5 Polearms
 * Level 1.6 Armour
 + Level 2.8 Dodging
 - Level 2.0 Stealth
 + Level 2.0 Spellcasting
 * Level 2.4 Conjurations
 * Level 4.9 Air Magic


You couldn't memorise any spells.
You knew the following spells:

 Your Spells              Type           Power        Failure   Level  Hunger
a - Shock                 Conj/Air       ##..         2%          1    #......
b - Swiftness             Chrm/Air       #.......     6%          2    ###....
c - Airstrike             Air            ###.......   16%         4    #####..

Your spell library contained the following spells:

 Spells                   Type           Power        Failure   Level  Hunger
 Static Discharge         Conj/Air       ##......     8%          3    ###....
 Lightning Bolt           Conj/Air       ##........   52%         5    ######.


Dungeon Overview and Level Annotations

Branches:
Dungeon (2/15)

Altars:
Nemelex Xobeh
Ru

Annotations:
D:2 Robin


Innate Abilities, Weirdness & Mutations

You have a beak for a mouth.
You have claws for feet.


Message History

* * * LOW HITPOINT WARNING * * *
The hobgoblin hits you with a +0 club.
* * * LOW HITPOINT WARNING * * *
The hobgoblin hits you but does no damage.
You climb upwards.
There is a stone staircase leading down, spattered with blood here.
It was a potion of agility.
You feel agile all of a sudden. The goblin closely misses you.
The goblin misses you. The hobgoblin barely misses you.
The hobgoblin closely misses you.
It was a potion of resistance.
You feel protected. The goblin hits you but does no damage.
The goblin misses you. The hobgoblin closely misses you.
It was a potion of cancellation.
Your magical effects are unravelling.
You feel magically purged.
You feel a little less agile now.
Your resistance to elements expires.
The hobgoblin barely misses you. The goblin hits you with a +0 club.
You die...

#.......##.##
#.......##..# #
#...........## #
#.......###..## #
###.##### #...#####
#.# #.#...... #S#
#....#### ###g#
####..### ##g@g#
#########...#
#.g#####....).)..)..
#...###8'8###.......
#..##≈≈≈.≈≈≈##......
#.##≈≈≈.P.≈≈≈##.....
###≈≈P..8..P≈≈##....
#≈≈≈.......≈≈≈#....
#≈P.8..<..8.P≈#....
#≈≈≈.......≈≈≈#####


You could see an adder, 2 hobgoblins and 2 goblins.

Vanquished Creatures
  An adder (D:2)
  A worm (D:2)
  4 dart slugs (D:1)
  A leopard gecko (D:1)
  A ball python (D:1)
  2 giant cockroaches
  6 goblins
  9 hobgoblins
  3 jackals (D:1)
  5 bats
  3 frilled lizards
  4 kobolds
  A rat (D:1)
41 creatures vanquished.

Notes
Turn   | Place    | Note
-------+----------+-------------------------------------------
     0 | D:1      | Bronimir the Tengu Air Elementalist began the quest for the
                  | Orb.
     0 | D:1      | Reached XP level 1. HP: 10/10 MP: 4/4
    33 | D:1      | Reached XP level 2. HP: 11/15 MP: 0/6
   397 | D:1      | Learned a level 2 spell: Swiftness
   608 | D:1      | Reached skill level 1 in Armour
   770 | D:1      | Reached XP level 3. HP: 19/19 MP: 2/7
  1112 | D:2      | Found a sacrificial altar of Ru.
  1505 | D:2      | Found a sparkling altar of Nemelex Xobeh.
  1541 | D:2      | Reached XP level 4. HP: 24/24 MP: 6/8
  1592 | D:2      | Learned a level 4 spell: Airstrike
  1600 | D:2      | Noticed Robin
  1707 | D:2      | HP: 1/24 [hobgoblin/+0 club[Robin] (2)]
  1711 | D:1      | Slain by a goblin

Levels and vault maps discovered:
D:1:      lightli_arrival_statuegarden, layout_rooms
D:2:      layout_rooms, nemelex_altar_shiori, lemuel_round_altar,
          chequers_ecumenical_altar_island, serial_rivers,
          chequers_serial_rivers_large_a, chequers_serial_rivers_small_3,
          chequers_serial_rivers_micro_c, chequers_serial_rivers_small_b,
          chequers_serial_rivers_micro_d, nicolae_tso_swordbearing_angel,
          uniq_robin

Skill      XL: |  1  2  3 |
---------------+----------+-----
Armour         | 1 |  1.6
Conjurations   | 2 |  2.4
Fighting       | |  0.1
Polearms       | |  0.5
Dodging        | |  2.8
Stealth        | |  2.0
Spellcasting   | |  2.0
Air Magic      | |  4.9

Action                   |  1- 3 |  4- 6 || total
-------------------------+-------+-------++-------
Melee: Unarmed           |    16 |       ||    16
       Kick              |    11 |     2 ||    13
       Spear             |    43 |     5 ||    48
       Peck              |    10 |     1 ||    11
 Cast: Shock             |    42 |    19 ||    61
  Use: Potion            |       |     3 ||     3
 Stab: Sleeping          |     3 |       ||     3
  Eat: Chunk             |     2 |     2 ||     4
Armor: Robe              |    14 |       ||    14
       Leather armour    |     1 |     6 ||     7
Dodge: Dodged            |    49 |    28 ||    77
